 Dungeon Crawl Stone Soup version 0.29-a0-810-g3812dd5c9c (webtiles) character file.

Game seed: 8363266655439155376

457 Essalna the Magician (level 7, -2/53 HPs)
             Began as a Djinni Conjurer on July 4, 2022.
             Was an Initiate of Makhleb.
             Slain by an orc priest
             ... wielding a +0 falchion
              (4 damage)
             ... on level 5 of the Dungeon.
             The game lasted 00:08:16 (4828 turns).

Essalna the Magician (Djinni Conjurer)              Turns: 4828, Time: 00:08:16

Health: -2/53      AC:  7    Str:  6    XL:     7   Next: 27%
Gold:   182        EV: 12    Int: 21    God:    Makhleb [......] SH:  0 Dex: 18

rFire   + + .      SeeInvis .   w - +1 trident (protect)
rCold   x . .      Faith    .   (no shield)
rNeg    . . .      Spirit   .   a - +0 robe
rPois   ∞          Reflect  .   (no helmet)
rElec   .          Harm     .   x - +0 cloak
rCorr   .          Rampage  .   (no gloves)
Will    .....                   (boots unavailable)
Stlth   ++........              (no amulet)
HPRegen 0.17/turn               f - +4 ring of protection
MPRegen 0.00/turn               v - +6 ring of dexterity

@: flying, studying Ranged Weapons
A: sickness immunity, fire resistance 2, cold vulnerability 1, float, innate
caster, HP casting, extra vitality 1
a: Renounce Religion


You were on level 5 of the Dungeon.
You worshipped Makhleb.
Makhleb was noncommittal.
You visited 1 branch of the dungeon, and saw 5 of its levels.

You collected 182 gold pieces.

Inventory:

Hand Weapons
 l - a +1 dagger of speed
 w - a +1 trident of protection (weapon)
Armour
 a - a +0 robe (worn)
 k - a +0 buckler
 x - a +0 cloak (worn)
Magical Staves
 j - a staff of cold
Jewellery
 f - a +4 ring of protection (left hand)
 v - a +6 ring of dexterity (right hand)
Wands
 o - a wand of paralysis (8)
 u - a wand of roots (7)
Scrolls
 b - 4 scrolls of identify {unknown}
 c - 2 scrolls of teleportation {unknown}
 h - a scroll of amnesia {unknown}
 n - a scroll of fear {unknown}
 s - 2 scrolls of enchant armour {unknown}
Potions
 d - 6 potions of curing {unknown}
 e - a potion of magic {unknown}
 g - 2 potions of might {unknown}
 i - a potion of degeneration {unknown}
 m - 2 potions of attraction {unknown}
 p - a potion of ambrosia {unknown}
 q - a potion of haste {unknown}
 r - a potion of invisibility {unknown}
 t - a potion of lignification {unknown}
 z - a potion of brilliance {unknown}
 A - 2 potions of heal wounds {unknown}


   Skills:
 + Level 4.8 Fighting
 - Level 2.1 Dodging
 - Level 1.5 Stealth
 + Level 5.0 Spellcasting


You couldn't memorise any spells.
You knew the following spells:

 Your Spells              Type           Power      Damage    Failure   Level
a - Magic Dart            Conj           100%       1d8       1%          1
b - Searing Ray           Conj           52%        2d6       1%          2
c - Dazzling Flash        Conj/Hex       52%        N/A       4%          3
d - Fulminant Prism       Conj/Hex       13%        3d9       13%         4
e - Iskenderun's Mystic   Conj/Tloc      26%        2d7       13%         4
f - Freeze                Ice            100%       1d11      1%          1
g - Scorch                Fire           52%        2d7       1%          2
h - Mephitic Cloud        Conj/Pois/Air  26%        N/A       4%          3
Your spell library was empty.

Dungeon Overview and Level Annotations

Branches:
Dungeon (5/15)             Temple (0/1) D:4

Altars:
Makhleb

Shops:
D:3 *:


Innate Abilities, Weirdness & Mutations

You are immune to sickness and miasma.
You are immune to poison.
Your flesh is very heat resistant. (rF++)
You are vulnerable to cold. (rC-)
You float through the air rather than walking.
You learn spells naturally, not from books.
Your magical power is your life essence.
You have superior vitality. (+4 MHP)


Message History

Unknown command.
Casting: Searing Ray (safe; 1% risk of failure)
Confirm with . or Enter, or press ? or * to list all spells.
Aiming: Searing Ray (safe; 1% risk of failure)
Press: ? - help, Shift-Dir - straight line (Press . to maintain the ray.)
The searing ray hits the orc!
You kill the orc!
Makhleb accepts your kill.
The searing ray hits the orc priest!
The orc priest is heavily wounded.
The orc priest calls down the wrath of Beogh upon you.
Pain shoots through your body!
The searing ray hits the orc priest.
The orc priest is almost dead.
The orc priest calls down the wrath of Beogh upon you.
Beogh smites you!
* * * LOW HITPOINT WARNING * * *
The searing ray hits the orc priest!
You kill the orc priest!
Makhleb accepts your kill.
* * * LOW HITPOINT WARNING * * *
You finish channelling your searing ray.
Casting: Searing Ray (safe; 1% risk of failure)
Confirm with . or Enter, or press ? or * to list all spells.
Aiming: Searing Ray (safe; 1% risk of failure)
Press: ? - help, Shift-Dir - straight line The searing ray hits the orc priest!
The orc priest is heavily wounded. (Press . to maintain the ray.)
* * * LOW HITPOINT WARNING * * *
The searing ray misses the orc priest.
* * * LOW HITPOINT WARNING * * *
The orc priest hits you with a +0 falchion.
* * * LOW HITPOINT WARNING * * *
The searing ray hits the orc priest.
The orc priest is almost dead.
* * * LOW HITPOINT WARNING * * *
The orc priest hits you with a +0 falchion.
You die...

#.........#
.........#
........#
....... ..)<.
... # #)# . #o#
. #####@#####
######
#...'.'...#
......
#.###.###.#
...... #.#
......
###+###.###+###
......
+.............+
#####
###+###.###+###
#.. #.# #..
#.###.###.# #..


You could see an orc priest.

Vanquished Creatures
  A steam dragon (D:5)
  A jelly (D:5)
  2 orc priests
  Ijyb (D:3)
  An orc wizard (D:4)
  Robin (D:3)
  5 adders
  3 gnolls (D:4)
  4 worms
  10 orcs
  6 endoplasms
  15 goblins
  11 hobgoblins
  4 jackals (D:1)
  5 kobolds
  3 quokkas
  9 ball pythons
  5 bats
  2 frilled lizards
  5 rats
94 creatures vanquished.

Notes
Turn   | Place    | Note
-------+----------+-------------------------------------------
     0 | D:1      | Essalna the Djinni Conjurer began the quest for the Orb.
     0 | D:1      | Essalna set off with the following spells memorised: Magic
                  | Dart, Searing Ray, Dazzling Flash, Fulminant Prism,
                  | Iskenderun's Mystic Blast.
     0 | D:1      | Reached XP level 1. HP: 15/15 MP: 0/0
   191 | D:1      | Found a faded altar of an unknown god.
   311 | D:1      | Reached XP level 2. HP: 19/22 MP: 0/0
   352 | D:1      | Reached skill level 1 in Fighting
  1023 | D:2      | Reached XP level 3. HP: 25/27 MP: 0/0
  1023 | D:2      | Learned a level 1 spell: Freeze
  1769 | D:2      | Reached XP level 4. HP: 12/34 MP: 0/0
  1993 | D:3      | Noticed Ijyb
  1998 | D:3      | Killed Ijyb
  1999 | D:3      | Reached skill level 4 in Spellcasting
  2132 | D:3      | Found Zoeg's Book Shoppe.
  2256 | D:3      | Reached XP level 5. HP: 38/40 MP: 0/0
  2256 | D:3      | Learned a level 2 spell: Scorch
  2391 | D:3      | Found Tyuvaytu's Assorted Antiques.
  2581 | D:3      | Noticed Robin
  2591 | D:3      | Killed Robin
  2835 | D:3      | Found a burning altar of Makhleb.
  2858 | D:3      | Became a worshipper of Makhleb the Destroyer
  3012 | D:4      | Found a staircase to the Ecumenical Temple.
  3044 | D:4      | Reached XP level 6. HP: 25/46 MP: 0/0
  4363 | D:5      | Entered Level 5 of the Dungeon
  4587 | D:5      | Noticed a steam dragon
  4601 | D:5      | Killed a steam dragon
  4602 | D:5      | Reached skill level 5 in Spellcasting
  4602 | D:5      | Reached XP level 7. HP: 21/53 MP: 0/0
  4602 | D:5      | Learned a level 3 spell: Mephitic Cloud
  4828 | D:5      | Slain by an orc priest

Illustrated notes

Levels and vault maps discovered:
D:1:      heliophobic_arrival_ceremonial_halls, layout_basic,
          hellmonk_ecumenical_altar_pennies_from_heaven
D:2:      layout_loops_cross, hangedman_decor_lopped, guppyfry_early_lair_pool
D:3:      layout_rooms, mainiacjoe_overflow_surrounded_room, serial_shops,
          shop_statue, nicolae_shop_advertising_works
          [nicolae_subvault_shop_adworks], uniq_robin, uniq_ijyb
D:4:      layout_basic, minmay_temple_entry_large_hall, hangedman_decor_points
D:5:      layout_basic, minmay_door_square

Skill      XL: |  1  2  3  4  5  6 |
---------------+-------------------+-----
Fighting       | 1 2 3 4 |  4.8
Spellcasting   | 4 5 |  5.0
Dodging        | |  2.1
Stealth        | |  1.5

Action                   |  1- 3 |  4- 6 |  7- 9 || total
-------------------------+-------+-------+-------++-------
Melee: Trident           |       |    14 |       ||    14
 Cast: Magic Dart        |    66 |   104 |       ||   170
       Searing Ray       |     2 |    10 |     2 ||    14
 Stab: Sleeping          |       |     1 |       ||     1
Armor: Robe              |     4 |    21 |       ||    25
Dodge: Dodged            |    12 |    24 |       ||    36

Table legend: (Time is in decaauts)
 A = Elapsed time spent in this place.
 B = Non-inter-level travel time spent in this place.
 C = Inter-level travel time spent in this place.
 D = Time resting spent in this place.
 E = Time spent auto-exploring this place.
 F = Levels seen in this place.
 G = Mean time per level.
                   A        B        C        D        E       F      G
               +--------+--------+--------+--------+--------+-----+--------+
         Total |   4830 |   4754 |     76 |      0 |   4281 |   5 |  966.0 |
       Dungeon |   4830 |   4754 |     76 |      0 |   4281 |   5 |  966.0 |
               +--------+--------+--------+--------+--------+-----+--------+

Top non-repeatable levels by time:
     D:4: 1449 daAuts
     D:2: 1026 daAuts
     D:3: 961 daAuts
     D:1: 929 daAuts
     D:5: 464 daAuts
